 Dungeon Crawl Stone Soup version 0.24-a0-584-g9d6b971ae4 (webtiles) character file.

Game seed: 11446758918054453466, levelgen mode: deterministic

1259 Mithandil the Skirmisher (level 8, 0/64 HPs)
             Began as a Demonspawn Abyssal Knight on Sept 5, 2019.
             Was a Priest of Lugonu.
             Slain by an orc wizard
             ... wielding a +0 dagger
              (2 damage)
             ... on level 6 of the Dungeon.
             The game lasted 00:22:42 (3960 turns).

Mithandil the Skirmisher (DsAK)                     Turns: 3960, Time: 00:22:42

Health: 0/64       AC: 10    Str: 14    XL:     8   Next: 27%
Magic:  11/11      EV: 12    Int: 14    God:    Lugonu [***...]
Gold:   236        SH:  0    Dex: 13    Spells: 7/7 levels left

rFire    . . .     SeeInvis .     - Unarmed
rCold    . . .     Gourm    .   (no shield)
rNeg     . . .     Faith    .   g - +0 ring mail
rPois    .         Spirit   .   q - +1 helmet
rElec    .         Reflect  .   (no cloak)
rCorr    .         Harm     .   (no gloves)
MR       .....                  (no boots)
Stlth    +++.......             j - amulet of regeneration
HPRegen  0.60/turn              (no ring)
MPRegen  0.12/turn              (no ring)

@: no status effects
A: claws 2, yellow scales 2, nightstalker 1
a: Depart the Abyss, Bend Space, Banish, Renounce Religion


You were on level 6 of the Dungeon.
You worshipped Lugonu.
Lugonu was most pleased with you.
You were not hungry.

You visited 1 branch of the dungeon, and saw 6 of its levels.
You visited the Abyss 1 time.

You collected 236 gold pieces.

Inventory:

Hand Weapons
 b - a +2 hunting sling of freezing
 c - a +1 spear
 k - a +0 dagger
 l - a +2 whip of freezing
 x - a +0 shortbow
Missiles
 e - 124 stones (quivered)
 i - 7 javelins
 n - 48 arrows
 r - 72 bolts
 t - 29 sling bullets
 u - 5 silver boomerangs
 v - 6 boomerangs
Armour
 g - a +0 ring mail (worn)
 q - a +1 helmet (worn)
Jewellery
 j - an amulet of regeneration (around neck)
Scrolls
 f - a scroll of fog
 h - a scroll of identify
 m - a scroll of magic mapping
 w - 2 scrolls of remove curse
Potions
 d - 2 potions of brilliance
 p - 2 potions of magic
 s - a potion of curing
Comestibles
 a - 12 rations
 o - 4 chunks of flesh


   Skills:
 * Level 5.7 Fighting
 - Level 3.1 Polearms
 - Level 1.0 Slings
 - Level 3.1 Armour
 + Level 3.1 Dodging
 + Level 3.1 Stealth
 * Level 3.8 Unarmed Combat
 + Level 5.1 Invocations


You had 7 spell levels left.
You didn't know any spells.
Your spell library was empty.

Dungeon Overview and Level Annotations

Branches:
Dungeon (6/15)
 Temple: D:4-7

Altars:

Shops:
D:4 =


Innate Abilities, Weirdness & Mutations

You have very sharp fingernails.
You are mostly covered in yellow scales. (AC +3)
You are slightly more attuned to the shadows.


Message History

* * * LOW HITPOINT WARNING * * *
You closely miss something.
The orc wizard hits you but does no damage.
You hear some strange, mumbled words.
A magic dart appears from out of thin air!
The magic dart hits you.
* * * LOW HITPOINT WARNING * * *
You scratch something.
The orc wizard hits you but does no damage.
Something hits you but does no damage.
The orc wizard casts a spell.
The orc wizard blinks!
You closely miss something. Something hits you.
* * * LOW HITPOINT WARNING * * *
The orc wizard completely misses you. Something hits you but does no damage.
You barely miss something.
An orc wizard appears from thin air!
Reactivating autopickup.
The orc wizard barely misses you.
The orc wizard hits you with a +0 dagger.
You die...

############
#..........#
#.########o#
#.###....#@#
#.......##o##
#####>....oo.....
###..#.#....#.#
#...<#.#..###
#.#..#.##..
#..... o ...
####### #.#


You could see 2 orc wizards and 2 orcs.

Vanquished Creatures
  Pikel (D:5)
  Sigmund (D:2)
  An orc warrior (D:6)
  A slave (D:4)
  A centaur (D:4)
  A bullfrog zombie (D:5)
  A bullfrog skeleton (D:5)
  3 orc priests (D:4)
  2 iguanas
  A worker ant (D:4)
  Robin (D:2)
  3 adders (D:4)
  An adder skeleton (D:4)
  5 worms
  3 leopard geckos
  11 orcs
  2 ball pythons (D:3)
  4 giant cockroaches
  10 goblins
  12 hobgoblins
  7 jackals
  5 kobolds
  3 quokkas
  7 bats
  5 frilled lizards
  A quokka skeleton (D:4)
  7 rats
100 creatures vanquished.

Vanquished Creatures (others)
  Eustachio (D:5)
1 creature vanquished.

Grand Total: 101 creatures vanquished

Notes
Turn   | Place    | Note
-------+----------+-------------------------------------------
     0 | Abyss:1  | Mithandil the Demonspawn Abyssal Knight began the quest for
                  | the Orb.
     0 | Abyss:1  | Reached XP level 1. HP: 18/18 MP: 2/2
    40 | Abyss:1  | Found a corrupted altar of Lugonu.
    97 | Abyss:1  | Noticed a raiju
    98 | D:1      | Escaped the Abyss
   207 | D:1      | Reached skill level 1 in Dodging
   272 | D:1      | Reached * piety under Lugonu
   300 | D:2      | Gained mutation: You have sharp fingernails. [demonic
                  | ancestry]
   300 | D:2      | Reached XP level 2. HP: 19/24 MP: 4/4
   689 | D:2      | Noticed Sigmund
   702 | D:2      | Killed Sigmund
   702 | D:2      | Reached skill level 1 in Slings
   702 | D:2      | Reached skill level 1 in Stealth
   702 | D:2      | Reached skill level 1 in Unarmed Combat
   702 | D:2      | Reached XP level 3. HP: 15/30 MP: 5/5
   702 | D:2      | Gained mutation: You have very sharp fingernails. [demonic
                  | ancestry]
   702 | D:2      | Reached XP level 4. HP: 19/37 MP: 6/6
   702 | D:2      | Gained mutation: You are slightly more attuned to the
                  | shadows. [demonic ancestry]
   702 | D:2      | Reached XP level 5. HP: 22/42 MP: 7/7
  1168 | D:2      | Noticed Robin
  1276 | D:2      | Killed Robin
  1276 | D:2      | Reached ** piety under Lugonu
  2260 | D:4      | Gained mutation: You are partially covered in yellow
                  | scales. (AC +2) [demonic ancestry]
  2260 | D:4      | Reached XP level 6. HP: 14/48 MP: 8/8
  2822 | D:5      | Entered Level 5 of the Dungeon
  2823 | D:5      | Noticed a slave
  2903 | D:4      | Reached *** piety under Lugonu
  2991 | D:4      | Found Bimnamia's Jewellery Boutique.
  3119 | D:4      | Reached XP level 7. HP: 54/55 MP: 8/10
  3527 | D:5      | Noticed Pikel
  3535 | D:5      | Paralysed by Pikel for 7 turns
  3678 | D:5      | Paralysed by Pikel for 6 turns
  3705 | D:5      | Killed Pikel
  3705 | D:5      | Reached skill level 5 in Fighting
  3705 | D:5      | Gained mutation: You are mostly covered in yellow scales.
                  | (AC +3) [demonic ancestry]
  3705 | D:5      | Reached XP level 8. HP: 39/62 MP: 11/11
  3754 | D:5      | Noticed Eustachio
  3824 | D:5      | Killed Eustachio
  3824 | D:5      | Reached skill level 5 in Invocations
  3959 | D:6      | HP: 2/64 [something (3)]
  3960 | D:6      | Slain by an orc wizard

Levels and vault maps discovered:
D:1:      grunt_arrival_lava_bath, layout_loops_ring
D:2:      layout_rooms, minmay_misc_feat_ornament, uniq_sigmund, uniq_robin
D:3:      layout_loops_cross
D:4:      layout_basic, serial_shops, nicolae_shop_trees, first_ration
D:5:      layout_loops_cross, kennysheep_mini, serial_shops, shop, uniq_pikel,
          uniq_duvessa, uniq_eustachio
D:6:      layout_basic, gup_ossuary_entry_pyramid, minmay_misc_feat_pillars

Skill      XL: |  1  2  3  4  5  6  7  8 |
---------------+-------------------------+-----
Dodging        | 1 2 3 |  3.1
Polearms       | 2 3 |  3.1
Slings         | 1 |  1.0
Armour         | 2 3 |  3.1
Stealth        | 1 2 3 |  3.1
Unarmed Combat | 1 2 3 |  3.8
Invocations    | 3 4 5 |  5.1
Fighting       | 4 5 |  5.7

Action                   |  1- 3 |  4- 6 |  7- 9 || total
-------------------------+-------+-------+-------++-------
Melee: Spear             |    99 |     5 |       ||   104
       Punch             |     1 |     6 |       ||     7
       Unarmed           |       |   313 |   157 ||   470
 Fire: Hunting sling     |       |     9 |       ||     9
Invok: Depart the Abyss  |     1 |       |       ||     1
  Use: Potion            |     5 |       |     2 ||     7
       Scroll            |     2 |     9 |     1 ||    12
 Stab: Sleeping          |       |     6 |     1 ||     7
  Eat: Chunk             |       |     7 |     1 ||     8
       Ration            |       |       |     1 ||     1
Armor: Leather armour    |     8 |       |       ||     8
       Ring mail         |    21 |   144 |   110 ||   275
Dodge: Dodged            |    49 |   218 |   133 ||   400

Table legend:
 A = Non-vault XP
 B = Vault XP
 C = Vault XP percentage of total XP
 D = Non-vault monster count
 E = Vault monster count
 F = Vault count percentage of total count
                 A         B        C        D         E       F
            +---------+---------+-------+---------+---------+-------
      Total |     740 |    1059 |  58.9 |      84 |      16 |  16.0
            +---------+---------+-------+---------+---------+-------
        D:1 |      38 |       2 |   5.0 |      24 |       1 |   4.0
        D:2 |      37 |     247 |  87.0 |      16 |      13 |  44.8
        D:3 |      46 |       0 |   0.0 |      18 |       0 |   0.0
        D:4 |     382 |       0 |   0.0 |      21 |       0 |   0.0
        D:5 |      71 |     810 |  91.9 |       3 |       2 |  40.0
        D:6 |     166 |       0 |   0.0 |       2 |       0 |   0.0
            +---------+---------+-------+---------+---------+-------
